 Dungeon Crawl Stone Soup version 0.29.0-4-gdea44cf6ec (webtiles) character file.

Game seed: 13995967142435607703

301 qw the Chopper (level 6, -1/39 HPs)
             Began as a Gargoyle Fighter on Sept 9, 2022.
             Slain by a scorpion (5 damage)
             ... on level 4 of the Dungeon.
             The game lasted 00:01:11 (2840 turns).

qw the Chopper (Gargoyle Fighter)                   Turns: 2840, Time: 00:01:12

Health: -1/39      AC: 13    Str: 25    XL:     6   Next: 37%
Magic:  6/6        EV:  7    Int:  8    God:
Gold:   71         SH:  4    Dex:  9    Spells: 5/5 levels left

rFire   . . .      SeeInvis .   Y - +1 war axe
rCold   . . .      Faith    .   c - +0 buckler
rNeg    + . .      Spirit   .   j - +0 chain mail
rPois   inf        Reflect  .   (no helmet)
rElec   +          Harm     .   (no cloak)
rCorr   .          Rampage  .   (no gloves)
Will    .....                   (no boots)
Stlth   ..........              (no amulet)
HPRegen 0.13/turn               b - ring "Foin" {Fly Str+3}
MPRegen 0.10/turn               (no ring)

@: flying
A: sickness immunity, AC +4, negative energy resistance 1, electricity
resistance, torment resistance 1, petrification resistance
a: no special abilities


You were on level 4 of the Dungeon.
You visited 1 branch of the dungeon, and saw 4 of its levels.

You collected 71 gold pieces.


Innate Abilities, Weirdness & Mutations

You are immune to sickness and miasma.
Your stone body is resilient. (AC +4)
You are immune to poison.
You resist negative energy. (rN+)
You are resistant to electric shocks. (rElec)
You are resistant to unholy torment.
You are immune to petrification.


   Skills:
 - Level 4.6 Fighting
 + Level 5.2 Axes
 - Level 3.2 Armour
 - Level 3.2 Shields


You had 5 spell levels left.
You didn't know any spells.
Your spell library was empty.

Inventory:

Hand Weapons
 k - a +4 flail
 Y - a +1 war axe (weapon)
Missiles
 i - a boomerang (quivered)
Armour
 c - a +0 buckler (worn)
 j - a +0 chain mail (worn)
Jewellery
 b - the ring "Foin" (left hand) {Fly Str+3}
   (You acquired it on level 2 of the Dungeon)

   [ring of flight]

   Str:       It affects your strength (+3).
   Fly:       It grants you flight.
Potions
 a - a potion of flight {unknown}
 d - 2 potions of might
 e - a potion of berserk rage {unknown}
 f - a potion of resistance
 g - a potion of curing {unknown}
 h - a potion of lignification {unknown}
 m - a potion of heal wounds {unknown}

Dungeon Overview and Level Annotations

Branches:
Dungeon (4/15)
 Temple: D:4-7

Altars:
Vehumet

Shops:
D:1 :


Message History

The orc priest miscasts a cantrip.
You block the orc's attack.
You slash the orc priest!
You kill the orc priest!
You miss something. You hit the orc.
The orc priest invokes the aid of Beogh against you.
Pain shoots through your body! The orc hits you but does no damage.
Something hits you but does no damage.
2833 ||| READING scroll of teleportation.
As you read the scroll of teleportation, it crumbles to dust.
You feel strangely unstable. The orc hits you with a +0 hand axe.
Something hits you but does no damage.
You barely miss the orc.
The orc is severely wounded.
You hit something. You hit the orc priest.
The orc priest hits you with a +1 whip of draining.
The orc hits you but does no damage. Something hits you.
You slash the orc!
You kill the orc!
You hit the orc priest. You closely miss something.
The orc priest hits you but does no damage.
Something hits you but does no damage. x2; The orc priest barely misses you.
You closely miss the orc priest.
The orc priest is heavily wounded.
You miss something.
Your surroundings suddenly seem different.
A scorpion comes into view.
Found a scroll of amnesia and 17 gold pieces.
Found a stone staircase leading up.
Enter note: The scorpion stings you but does no damage.
Enter note:
Enter note: You closely miss the scorpion.
The scorpion stings you but does no damage. x2
You barely miss the scorpion. The scorpion completely misses you.
You closely miss the scorpion. The scorpion barely misses you.
The scorpion stings you.
You die...

........#
##.......#
.......$#
#.......# .
##.......##..
#............
#..........?.
#...........
#...@...##..
#...s...#
#.......#
#.........
#...........
#...........
#.......<$..
#..##...###. ####
..##..##..########


You could see a scorpion.

Vanquished Creatures
  A scorpion (D:4)
  2 orc priests
  2 orc wizards (D:3)
  4 gnolls (D:3)
  4 adders
  2 worms
  2 dart slugs
  8 orcs
  4 ball pythons
  4 endoplasms
  6 giant cockroaches
  3 goblins
  4 hobgoblins
  A quokka (D:2)
  2 bats (D:1)
  4 frilled lizards
  4 kobolds
  8 rats
65 creatures vanquished.

Notes
Turn   | Place    | Note
-------+----------+-------------------------------------------
     0 | D:1      | qw the Gargoyle Fighter began the quest for the Orb.
     0 | D:1      | Reached XP level 1. HP: 14/14 MP: 1/1
     0 | D:1      | 0 ||| qw: Version: 0.1-a-113-g051387a
     0 | D:1      | 0 ||| qw: Game counter: 6908
     0 | D:1      | 0 ||| qw: Always use a shield: true
     0 | D:1      | 0 ||| qw: God list: Okawaru
     0 | D:1      | 0 ||| qw: Allow faded altars: false
     0 | D:1      | 0 ||| qw: Do Orc after D:15 true
     0 | D:1      | 0 ||| qw: Do second Lair branch before Depths: true
     0 | D:1      | 0 ||| qw: Lair rune preference: random
     0 | D:1      | 0 ||| qw: Plans: Normal, Zot, God:TSO, Crypt, Tomb, Zig,
                  | Orb
     0 | D:1      | 0 ||| PLANNING D:1-11
    80 | D:1      | Reached skill level 2 in Axes
   201 | D:1      | Reached XP level 2. HP: 9/19 MP: 2/2
   688 | D:1      | Found Lageymp's Book Emporium.
   893 | D:1      | 893 ||| READING scroll labelled WARISCHIEDE.
   896 | D:1      | 896 ||| READING scroll labelled UTEBRE YCIM.
   925 | D:2      | 925 ||| STAIRDANCE
   928 | D:1      | Reached skill level 3 in Axes
   932 | D:2      | Identified the +1 robe of the Black Skies {Harm rPois}
   957 | D:2      | Reached XP level 3. HP: 21/23 MP: 3/3
  1301 | D:2      | 1301 ||| UPGRADING to +0 chain mail.
  1311 | D:2      | 1311 ||| DROPPING +0 scale mail.
  1312 | D:2      | 1312 ||| READING scroll labelled FOTOITH XAIS.
  1312 | D:2      | Identified a scroll of acquirement
  1312 | D:2      | 1312 ||| ACQUIRING ring "Foin" {Fly Str+3}
  1312 | D:2      | Acquired the ring "Foin" {Fly Str+3}
  1314 | D:2      | 1314 ||| UPGRADING to ring "Foin" {Fly Str+3}.
  1315 | D:2      | 1315 ||| READING scroll labelled YVIMEU SIUK.
  1442 | D:3      | Reached XP level 4. HP: 26/28 MP: 4/4
  1481 | D:3      | 1481 ||| FLEEEEING.
  1482 | D:3      | 1482 ||| FLEEEEING.
  1483 | D:3      | 1483 ||| FLEEEEING.
  1484 | D:3      | 1484 ||| FLEEEEING.
  1485 | D:3      | 1485 ||| FLEEEEING.
  1488 | D:3      | 1488 ||| FLEEEEING.
  1492 | D:3      | Reached skill level 4 in Axes
  1492 | D:3      | 1492 ||| FLEEEEING.
  1493 | D:3      | 1493 ||| FLEEEEING.
  1494 | D:3      | 1494 ||| FLEEEEING.
  1495 | D:3      | 1495 ||| FLEEEEING.
  1498 | D:3      | 1498 ||| FLEEEEING.
  1499 | D:3      | 1499 ||| FLEEEEING.
  1716 | D:3      | 1716 ||| DROPPING +0 whip.
  1847 | D:3      | 1847 ||| Stepping ~*~*~tactically~*~*~ (hiding).
  1860 | D:3      | Reached XP level 5. HP: 17/32 MP: 5/5
  2170 | D:3      | Identified the +0 short sword of the Sugar Beet {protect,
                  | Dex+2}
  2266 | D:3      | 2266 ||| Stepping ~*~*~tactically~*~*~ (hiding).
  2507 | D:3      | Reached skill level 5 in Axes
  2706 | D:3      | 2706 ||| READING 2 scrolls labelled NAYXOS REHIKI.
  2707 | D:3      | 2707 ||| READING scroll labelled WADERI WAIL.
  2708 | D:3      | 2708 ||| DRINKING 2 red potions.
  2709 | D:3      | 2709 ||| DROPPING scroll of noise.
  2761 | D:4      | Reached XP level 6. HP: 39/39 MP: 6/6
  2786 | D:4      | Found a radiant altar of Vehumet.
  2817 | D:4      | 2817 ||| Stepping ~*~*~tactically~*~*~ (stealth).
  2832 | D:4      | HP: 9/39 [orc priest/nerve-wracking pain (2)]
  2833 | D:4      | 2833 ||| READING scroll of teleportation.
  2834 | D:4      | HP: 3/39 [something (2)]
  2840 | D:4      | Slain by a scorpion

Levels and vault maps discovered:
D:1:      zelgadis_glass_arrival_small, layout_loops_ring, serial_shops,
          nicolae_shop_hallway_stairs, shapermc_ecumenical_altar_petra,
          nrook_mini_vaults, st_stairs_7
D:2:      layout_rooms
D:3:      layout_loops_corners
D:4:      layout_gridville, mainiacjoe_overflow_small_starburst, serial_shops,
          nicolae_shop_stone

Skill      XL: |  1  2  3  4  5 |
---------------+----------------+-----
Axes           | 2 3 4 5 |  5.2
Fighting       | 4 |  4.6
Armour         | |  3.2
Shields        | |  3.2

Action                   |  1- 3 |  4- 6 || total
-------------------------+-------+-------++-------
Melee: War axe           |    80 |    75 ||   155
Throw: Boomerang         |       |    12 ||    12
  Use: Scroll            |     4 |     3 ||     7
       Potion            |       |     1 ||     1
Armor: Scale mail        |    32 |       ||    32
       Chain mail        |     7 |    51 ||    58
Dodge: Dodged            |    17 |    31 ||    48
Block: Buckler           |    12 |    18 ||    30

Table legend:
 A = Non-vault XP
 B = Vault XP
 C = Vault XP percentage of total XP
 D = Non-vault monster count
 E = Vault monster count
 F = Vault count percentage of total count
                 A         B        C        D         E       F
            +---------+---------+-------+---------+---------+-------
      Total |     430 |       1 |   0.2 |      64 |       1 |   1.5
            +---------+---------+-------+---------+---------+-------
        D:1 |      31 |       1 |   3.1 |      19 |       1 |   5.0
        D:2 |      44 |       0 |   0.0 |      12 |       0 |   0.0
        D:3 |     207 |       0 |   0.0 |      26 |       0 |   0.0
        D:4 |     148 |       0 |   0.0 |       7 |       0 |   0.0
            +---------+---------+-------+---------+---------+-------
